AoeStats
← Křovák

Arena

509298288Analyzed
1v1 RM · 6d ago on Sep 26, 2026· 41m 3s· 2 players
Game mode
Random Map
Map size
Tiny (2 player)
Population
200
Speed
Normal
Resources
Standard
Victory
Conquest
Starting age
Dark Age
Ending age
Imperial Age
RankedLock teamsTeams togetherTeam positionsShared explorationLock speedFull tech treeHidden civsTurbo modeCheats
Victory
Defeat
🇸🇪 Khmer · Sweden
835
+17
🇨🇿 Byzantines · Czechia
861
-17
☼☼☼☼☼☼
9:38 Feudal Age
15:29 Castle Age
14:07 Horse Collar
14:16 Double-Bit Axe
17:08 Stone Mining
18:12 Heavy Plow
21:11 Bow Saw
24:07 Wheelbarrow
25:50 Hand Cart
25:52 Bloodlines
25:04 Light Cavalry
27:36 Scale Barding Armor
27:23 Fletching
27:33 Padded Archer Armor
27:45 Forging
29:13 Chain Barding Armor
34:03 Imperial Age
35:01 Iron Casting
34:22 Bodkin Arrow
34:42 Leather Archer Armor
35:44 Conscription
34:58 Sappers
36:06 Hoardings
34:55 Heavy Scorpion
34:58 Hussar
37:14 Plate Barding Armor
37:40 Blast Furnace
36:40 Bracer
38:03 Crop Rotation
37:22 Loom
37:22 Town Watch
40:10 Scale Mail Armor
40:41 Ring Archer Armor
41:14 Chemistry
40:35 Ballistics
Křovák
8:55 Loom
11:49 Feudal Age
16:49 Castle Age
15:52 Double-Bit Axe
15:49 Horse Collar
17:52 Bow Saw
24:09 Heavy Plow
30:08 Imperial Age
28:09 Pikeman
28:51 Squires
29:05 Fletching
29:45 Bodkin Arrow
29:59 Scale Mail Armor
32:34 Forging
36:38 Murder Holes
37:04 Ballistics
37:06 Gold Mining
37:07 Stone Mining
37:38 Halberdier
Connection lost

Rejoining the realm…

Still unreachable

The connection could not be restored.

Session expired

The server has moved on; the page needs a fresh start.